cohdb
Replays
Latest Replays
All Replays
Popular Replays
Top Player Replays
Match Explorer
How It Works
Community
CoH3 Stats
Reddit
Sign in to upload your games and track your stats! →
Sign in with Steam
Match 39493893
Unlisted
Match 39493893
Overview
Messages
Build Orders
End
Construct Infanterie Kompanie
Pioneer Squad
MG 42 Machine Gun Team
Selects Terror Battlegroup
Selects Terror Battlegroup
Selects Machine Gun Camouflage
MG 42 Machine Gun Team
Grenadier Squad
GrW 34 Mortar Team
Construct Panzergrenadier Kompanie
Pak 40 Anti-tank Gun Team
Support Elements
Selects Contempt for the Weak
Nebelwerfer 42 Rocket Launcher Team
MG 42 Bunker
Nebelwerfer 42 Rocket Launcher Team
Panzergrenadier Officer Quarters
Medical Bunker
Construct Panzer Kompanie
Selects Jericho Trumpet
Jericho Trumpet
Panzer IV Medium Tank
Nebelwerfer 42 Rocket Launcher Team
Jericho Trumpet
Selects V1 Rocket Strike
Panzer IV Medium Tank
Jericho Trumpet
Panzer IV Medium Tank
Side Skirts
Pioneer Squad
Panzer Officer Quarters
Jericho Trumpet
Pioneer Squad
Kanade
罐头鸟巢
Valkyrie_Tone
114514
秃鹫k
不吃芹菜
Seraph
弱鸡_sun康
0
0
Comments
sign in to comment!
No comments posted yet!